Map: Ultralove

Players

Brotoss - Winner!

  • Race: Protoss Protoss
  • League: Diamond
  • Spawn Location: 7:00

Tomato

  • Race: Zerg Zerg
  • League: Master
  • Spawn Location: 1:00

VOD

Have the link to the VOD?

Description

Time

  • Played on: Sept. 10, 2025, 5:18 a.m.
  • Length: 6:46
Show
View Real Time Build Order
Export as new Build Order

Brotoss Protoss - Winner!

Build Orders:  

Get SALT Encoding   

  12  0:00  Probe  
  13  0:12  Probe  
  14  0:18  Pylon  
  14  0:24  Probe  
  15  0:37  Probe  
  15  0:42  Forge  
  16  0:49  Probe  
  17  0:51  Pylon  
  17  1:01  Probe  
  18  1:17  Photon Cannon  
  18  1:19  Photon Cannon  
  18  1:29  Gateway  
  18  1:30  Probe  
  19  1:38  Assimilator  
  19  1:43  Probe  
  20  2:01  Probe  
  21  2:12  Nexus  
  21  2:13  Probe  
  22  2:22  Cybernetics Core  
  22  2:24  Zealot  
  22  2:26  Probe  
  25  2:38  Probe  
  26  2:45  Photon Cannon  
  26  2:50  Probe  
  27  2:54  Pylon  
  27  2:59  Assimilator, Warp Gate  
  27  3:03  Probe  
  28  3:08  Zealot  
  30  3:20  Stargate  
  30  3:23  Stalker  
  30  3:33  Pylon  
  30  3:38  Probe  
  33  3:49  Stalker  
  33  3:54  Gateway  
  33  4:02  Photon Cannon  
  33  4:07  Shield Battery  
  33  4:13  Probe x2  
  33  4:25  Probe x2  
  35  4:37  Probe x2  
  41  4:46  Pylon  
  41  4:49  Void Ray  
  41  4:52  Stalker  
  43  4:57  Stalker  
  45  5:00  Probe x2  
  47  5:18  Stalker  
  49  5:24  Stalker, Probe x2  
  53  5:39  Probe x2  
  55  5:43  Stalker  
  57  5:51  Probe x2  
  59  6:12  Stalker x2  
  59  6:13  Probe x2  
  69  6:21  Assimilator  
  69  6:25  Probe  
  70  6:26  Assimilator, Pylon  
  70  6:27  Gateway  
  70  6:28  Pylon  
  70  6:30  Gateway  
  70  6:31  Pylon  
  70  6:32  Gateway  
Show
View Real Time Build Order
Export as new Build Order

Tomato Zerg 

Build Orders: Pool First 

Get SALT Encoding   

  12  0:01  Drone  
  13  0:08  Drone  
  14  0:17  Overlord  
  14  0:37  Drone x3  
  17  1:00  Spawning Pool  
  17  1:01  Extractor  
  17  1:02  Drone x2  
  17  1:18  Drone  
  18  1:32  Drone x2  
  20  1:46  Hatchery  
  19  1:49  Queen  
  19  1:50  Drone  
  21  1:56  Spine Crawler  
  21  2:00  Drone  
  21  2:04  Drone  
  22  2:19  Roach Warren  
  22  2:21  Extractor, Drone  
  21  2:28  Zergling x2  
  22  2:39  Overlord  
  22  2:55  Lair  
  22  3:00  Queen, Drone  
  25  3:14  Drone  
  26  3:25  Zergling x2  
  27  3:30  Hatchery  
  27  3:34  Spine Crawler  
  25  3:37  Drone  
  27  3:41  Drone  
  27  3:50  Zergling x2  
  28  3:56  Zergling x2  
  28  4:02  Roach  
  31  4:04  Roach  
  30  4:20  Drone x3  
  33  4:24  Roach, Overlord  
  33  4:28  Glial Reconstitution  
  35  4:36  Overlord  
  35  4:41  Drone x2  
  37  4:48  Drone  
  38  4:55  Queen  
  40  5:01  Drone  
  40  5:08  Roach x2  
  42  5:15  Spine Crawler  
  42  5:17  Roach  
  37  5:25  Spine Crawler  
  37  5:26  Roach  
  38  5:33  Zergling x6  
  37  5:42  Roach x3  
  37  6:01  Hydralisk Den  
  37  6:02  Roach x3  
  41  6:19  Drone x3  
  41  6:21  Drone x3  
  41  6:22  Drone  
Tags
 
Matchup
PvZ
Opening
Pool First
Spawn Locations
Cross Positions
Add a new tag
Caveats
  • Supply blocks, unpowered buildings, or Contaminate may cause inaccurate times.
  • Supply counts are checked every 10 seconds.